 Dungeon Crawl Stone Soup version 0.28.0-1-gb440e238dd (webtiles) character file.

Game seed: 2608787014038295865

55 Strat the Cudgeller (level 4, 0/33 HPs)
             Began as a Human Warper on Feb 20, 2022.
             Succumbed to an adder's poison
             ... on level 2 of the Dungeon.
             The game lasted 00:02:52 (2206 turns).

Strat the Cudgeller (Human Warper)                  Turns: 2206, Time: 00:02:53

Health: 0/33       AC:  4    Str: 14    XL:     4   Next: 14%
Magic:  7/7        EV: 11    Int: 13    God:
Gold:   101        SH:  0    Dex: 12    Spells: 5/7 levels left

rFire   + . .      SeeInvis .   a - +0 flail
rCold   + . .      Faith    .   (no shield)
rNeg    . . .      Spirit   .   b - +0 leather armour
rPois   +          Reflect  .   (no helmet)
rElec   +          Harm     .   (no cloak)
rCorr   +          Rampage  .   k - +0 pair of gloves
Will    .....                   (no boots)
Stlth   +.........              (no amulet)
HPRegen 0.11/turn               (no ring)
MPRegen 0.10/turn               (no ring)

@: lethally poisoned (0 -> -2), resistant, flying, hasted, very quick
A: no striking features
a: no special abilities


You were on level 2 of the Dungeon.
You visited 1 branch of the dungeon, and saw 2 of its levels.

You collected 101 gold pieces.

Inventory:

Hand Weapons
 a - a +0 flail (weapon)
 g - a +0 mace
Missiles
 d - 5 boomerangs of dispersal (quivered)
 f - 24 stones
 h - 22 sling bullets
Armour
 b - a +0 leather armour (worn)
 k - a +0 pair of gloves (worn)
Scrolls
 c - a scroll of blinking
 e - 2 scrolls of enchant weapon {unknown}
 j - a scroll of silence {unknown}
 m - a scroll of fear {unknown}
 n - a scroll of brand weapon {unknown}
 p - a scroll of identify {unknown}


   Skills:
 - Level 2.0 Fighting
 + Level 4.1 Maces & Flails
 - Level 1.0 Throwing
 - Level 1.0 Armour
 - Level 2.0 Dodging
 - Level 2.0 Spellcasting
 - Level 3.0 Translocations


You had 5 spell levels left.
You knew the following spells:

 Your Spells              Type           Power      Damage    Failure   Level
a - Blink                 Tloc           18%        N/A       14%         2

Your spell library contained the following spells:

 Spells                   Type           Power      Damage    Failure   Level
 Gell's Gravitas          Tloc           9%         N/A       26%         3
 Lesser Beckoning         Tloc           9%         N/A       26%         3
 Teleport Other           Tloc           9%         N/A       26%         3
 Conjure Flame            Conj/Fire      1%         6-21      67%         3
 Ignite Poison            Fire/Tmut/Pois 1%         N/A       67%         3
 Manifold Assault         Tloc           9%         N/A       94%         5
 Sticky Flame             Conj/Fire      1%         2d3       97%         4


Dungeon Overview and Level Annotations

Branches:
Dungeon (2/15)

Altars:


Message History

No target in view!
No target in view!
You see here a bat corpse.
Found a stone staircase leading down.
There is a stone staircase leading down here.
There is a stone staircase leading down here.
An adder comes into view.
You closely miss the adder. The adder barely misses you. The adder bites you.
You barely miss the adder. The adder barely misses you.
You miss the adder. The adder bites you but does no damage.
The adder bites you.
You barely miss the adder. The adder bites you but does no damage.
You closely miss the adder. The adder bites you.
You are poisoned.
The adder poisons you! The adder closely misses you.
You closely miss the adder.
You feel sick. The adder barely misses you.
You barely miss the adder.
You feel sick. The adder bites you.
* * * LOW HITPOINT WARNING * * *
You are more poisoned.
The adder poisons you! The adder closely misses you.
You closely miss the adder. Your punch misses the adder.
You feel sick. The adder bites you.
* * * LOW HITPOINT WARNING * * *
You barely miss the adder.
You feel sick. The adder barely misses you. The adder bites you.
* * * LOW HITPOINT WARNING * * *
You completely miss the adder.
You feel sick. The adder bites you.
* * * LOW HITPOINT WARNING * * *
The adder closely misses you.
It was a potion of haste.
You feel yourself speed up.
You feel sick. The adder bites you.
* * * LOW HITPOINT WARNING * * *
It was a potion of flight.
You feel very buoyant.
You fly up into the air.
* * * LOW HITPOINT WARNING * * *
You feel sick. The adder bites you but does no damage.
It was a potion of resistance.
You feel protected.
You die...

# ##.....###.. ..#
#...# # #.....# #.
.##.######...#####
#.....# #.
..#.##...........#
#.....# ...
..........))..
#....<#
#.#.##...........#
#.....# ##.#.
#####...#####
####### ... #...#
##### #S# #...#
....# #@# #...# ##
###.### #.# ##.##
#. ...†..#
######.#
####.#####.
.##.#.# #......#
#.......##.
.##.#.#####.######
####.##.......
.##.........#
###........#.##.
.####.#######
##........#.#.##.
.####.#
#....###.........
.>....# #....#
#..#.#^###


You could see an adder.

Vanquished Creatures
  An adder (D:2)
  7 bats
  6 endoplasms
  2 giant cockroaches
  4 goblins
  6 hobgoblins (D:1)
  2 jackals (D:1)
  2 kobolds (D:1)
  2 quokkas
  2 ball pythons (D:2)
  3 frilled lizards
  4 rats
41 creatures vanquished.

Notes
Turn   | Place    | Note
-------+----------+-------------------------------------------
     0 | D:1      | Strat the Human Warper began the quest for the Orb.
     0 | D:1      | Reached XP level 1. HP: 16/16 MP: 3/3
   219 | D:1      | Reached XP level 2. HP: 22/22 MP: 5/5
   317 | D:1      | Learned a level 2 spell: Blink
   767 | D:1      | Reached skill level 3 in Maces & Flails
   920 | D:1      | Found a faded altar of an unknown god.
  1091 | D:1      | Reached XP level 3. HP: 23/27 MP: 6/6
  2003 | D:2      | Reached skill level 4 in Maces & Flails
  2003 | D:2      | Reached XP level 4. HP: 29/33 MP: 7/7
  2204 | D:2      | HP: 1/33 [adder (3)]
  2206 | D:2      | Succumbed to an adder's poison

Illustrated notes

Levels and vault maps discovered:
D:1:      amcnicky_arrival_gap_in_the_tavern_cellar, layout_basic,
          ebering_ecumenical_altar_rust, minmay_misc_feat_x
D:2:      layout_loops_cross, kennysheep_generic_room_8

Skill      XL: |  1  2  3 |
---------------+----------+-----
Maces & Flails | 3 4 |  4.1
Fighting       | |  2.0
Throwing       | |  1.0
Armour         | |  1.0
Dodging        | |  2.0
Spellcasting   | |  2.0
Translocations | |  3.0

Action                   |  1- 3 |  4- 6 || total
-------------------------+-------+-------++-------
Melee: Mace              |    40 |       ||    40
       Flail             |    79 |    34 ||   113
       Punch             |     2 |       ||     2
  Use: Potion            |       |     3 ||     3
Armor: Leather armour    |    37 |    18 ||    55
Dodge: Dodged            |    71 |    29 ||   100
